 Dungeon Crawl Stone Soup version 0.28.0-53-g5a82cb258f (webtiles) character file.

Game seed: 17924367570607101302

31 eooof the Skirmisher (level 2, 0/26 HPs)
             Began as a Demigod Fighter on June 29, 2022.
             Slain by a jackal (2 damage)
             ... on level 2 of the Dungeon.
             The game lasted 00:02:38 (599 turns).

eooof the Skirmisher (Demigod Fighter)               Turns: 599, Time: 00:02:38

Health: 0/26       AC:  6    Str: 17    XL:     2   Next: 90%
Magic:  4/4        EV:  9    Int: 10    God:
Gold:   35         SH:  4    Dex: 13    Spells: 1/1 levels left

rFire   . . .      SeeInvis .   a - +0 long sword
rCold   . . .      Faith    .   c - +0 buckler
rNeg    . . .      Spirit   .   b - +0 scale mail
rPois   +          Reflect  .   (no helmet)
rElec   .          Harm     .   (no cloak)
rCorr   .          Rampage  .   (no gloves)
Will    .....                   (no boots)
Stlth   ..........              (no amulet)
HPRegen 0.08/turn               h - ring of poison resistance
MPRegen 0.09/turn               (no ring)

@: weak-willed
A: high MP 1, forlorn, divine attributes
a: no special abilities


You were on level 2 of the Dungeon.
You visited 1 branch of the dungeon, and saw 2 of its levels.

You collected 35 gold pieces.

Inventory:

Hand Weapons
 a - a +0 long sword (weapon)
Armour
 b - a +0 scale mail (worn)
 c - a +0 buckler (worn)
Jewellery
 h - a ring of poison resistance (left hand)
Scrolls
 f - a scroll of vulnerability
Potions
 d - a potion of might


   Skills:
 * Level 3.2 Fighting
 + Level 2.1 Long Blades
 + Level 2.9 Armour
 + Level 2.9 Shields


You had one spell level left.
You didn't know any spells.
Your spell library was empty.

Dungeon Overview and Level Annotations

Branches:
Dungeon (2/15)

Annotations:
D:2 Natasha


Innate Abilities, Weirdness & Mutations

You have an increased reservoir of magic. (+10% MP)
You shall have no god before yourself.
Your divine heritage dramatically boosts your attributes as you level up.


Message History

You see here a scroll labelled RECITW ZICW.
You slash the rat!
You kill the rat!
f - 2 scrolls labelled RECITW ZICW (gained 1)
You see here a rat corpse.
h - a ring of poison resistance
h - a ring of poison resistance (left hand) Blink to where?
Press: ? - help, Dir - move target A goblin comes into view.
It is wielding a +0 club.
As you read the scroll labelled JEUSEL EC APAM, it crumbles to dust.
It was a scroll of blinking.
As you read the scroll labelled RECITW ZICW, it crumbles to dust.
Magic quickly surges around you.
It was a scroll of vulnerability.
It was a potion of invisibility.
You fade into invisibility!
The goblin barely misses you.
You slash the goblin!
You kill the goblin!
You see here a +0 club.
There is a glowing golden altar of the Shining One here.
You flicker for a moment.
A ball python comes into view.
The ball python hisses angrily.
You flicker back into view.
The ball python hisses angrily.
You slash the ball python!
You kill the ball python!
You see here a ball python corpse.
A jackal comes into view.
A ball python comes into view.
Found 16 gold pieces.
The ball python hisses angrily.
Natasha, Servant of Life and Death comes into view.
Natasha hisses angrily.
Natasha stares at you and mumbles some strange words.
The magic dart hits you!
* * * LOW HITPOINT WARNING * * *
The jackal bites you.
You die...

#..##.....#.###
#.... ..h......
#..............
............... ##
....#........
....... ....S......
...#... #.........
###.......
###h.......
#........
##.@.###.$..
###.#.#..### #..###
. <..........###.##
.........#.....#
.).......#.....#####
.†.........._).....#
.........†.........#
###................#
#................#


You could see Natasha, a jackal and a ball python.

Vanquished Creatures
  3 dart slugs
  3 endoplasms (D:1)
  A goblin (D:2)
  A hobgoblin (D:1)
  3 jackals (D:2)
  2 quokkas
  3 ball pythons
  3 bats (D:1)
  2 kobolds
  4 rats
25 creatures vanquished.

Notes
Turn   | Place    | Note
-------+----------+-------------------------------------------
     0 | D:1      | eooof the Demigod Fighter began the quest for the Orb.
     0 | D:1      | Reached XP level 1. HP: 18/18 MP: 3/3
   141 | D:1      | Reached XP level 2. HP: 12/25 MP: 4/4
   157 | D:1      | Reached skill level 3 in Fighting
   595 | D:2      | Noticed Natasha
   599 | D:2      | Slain by a jackal

Illustrated notes

Levels and vault maps discovered:
D:1:      dpeg_arrival_lava_temple_mockup, layout_basic,
          ebering_ecumenical_altar_rust, minmay_misc_feat_alley,
          minmay_indecisive_spiral
D:2:      layout_rooms, basic_altar, hangedman_abyss_or_decor_lesser_grid,
          uniq_jessica, uniq_natasha

Skill      XL: |  1  2 |
---------------+-------+-----
Long Blades    | 2 |  2.1
Fighting       | 3 |  3.2
Armour         | |  2.9
Shields        | |  2.9

Action                   || total
-------------------------++-------
Melee: Long sword        ||    54
  Use: Scroll            ||     2
       Potion            ||     2
Armor: Scale mail        ||    67
Dodge: Dodged            ||    65
Block: Buckler           ||    34
